 Dungeon Crawl Stone Soup version 0.23.2-40-g277498a001 (webtiles) character file.

Game seed: 15752818932663229494

1992 MalarOregon the Spear-Bearer (level 9, 0/73 HPs)
             Began as a Merfolk Gladiator on Aug 25, 2019.
             Slain by an orc warrior
             ... wielding a +0 hand axe
              (14 damage)
             ... on level 7 of the Dungeon.
             The game lasted 00:09:31 (6835 turns).

MalarOregon the Spear-Bearer (Merfolk Gladiator)    Turns: 6835, Time: 00:09:32

Health: 0/73       AC:  7    Str: 15    XL:     9   Next: 21%
Magic:  9/9        EV: 16    Int: 10    God:
Gold:   402        SH:  0    Dex: 15    Spells: 8/8 levels left

rFire    . . .     SeeInvis .   a - +5 trident (pierce)
rCold    . . .     Gourm    .   (no shield)
rNeg     . . .     Faith    .   m - +0 ring mail (curse)
rPois    .         Spirit   .   c - +1 helmet
rElec    .         Reflect  .   (no cloak)
rCorr    .         Harm     .   (no gloves)
MR       .....                  (no boots)
Stlth    +.........             (no amulet)
HPRegen  0.22/turn              (no ring)
MPRegen  0.11/turn              (no ring)

@: no status effects
A: change form in water, swift swim, stealthy swim
a: no special abilities


You were on level 7 of the Dungeon.
You were not hungry.

You visited 1 branch of the dungeon, and saw 7 of its levels.

You collected 402 gold pieces.

Inventory:

Hand Weapons
 a - a +5 trident of piercing (weapon)
   (You took it off a gnoll sergeant on level 7 of the Dungeon)
 w - a +0 blowgun
   (You took it off a kobold on level 3 of the Dungeon)
 H - a +1 glaive of pain
   (You took it off an orc warrior on level 7 of the Dungeon)
Missiles
 d - a throwing net (quivered) {!f}
 E - 8 needles of confusion
Armour
 c - a +1 helmet (worn)
 m - a cursed +0 ring mail (worn)
   (You found it on level 4 of the Dungeon)
 p - a scarf of resistance
   (You found it on level 6 of the Dungeon)
Jewellery
 b - an uncursed amulet of guardian spirit {unknown}
   (You found it on level 6 of the Dungeon)
 n - an uncursed ring of ice {unknown}
   (You found it on level 1 of the Dungeon)
 v - an uncursed ring of protection from magic {unknown}
   (You found it on level 4 of the Dungeon)
 z - a cursed ring of attention {unknown}
   (You found it on level 4 of the Dungeon)
 C - an uncursed ring of flight {unknown}
   (You found it on level 6 of the Dungeon)
Wands
 t - a wand of flame (17)
   (You found it on level 6 of the Dungeon)
 u - a wand of paralysis (15)
   (You found it on level 6 of the Dungeon)
 x - a wand of acid (14)
   (You found it on level 3 of the Dungeon)
 G - a wand of scattershot (5)
   (You found it on level 7 of the Dungeon)
Scrolls
 f - 3 scrolls of fog {unknown}
 h - a scroll of random uselessness
 j - a scroll of immolation {unknown}
 k - 5 scrolls of teleportation {@r4}
 q - 3 scrolls of enchant weapon {unknown}
 s - 5 scrolls of remove curse {unknown}
 y - a scroll of enchant armour
 A - a scroll of fear {unknown}
 B - a scroll of acquirement {unknown}
 D - 3 scrolls of identify {@r1}
Potions
 g - a potion of invisibility
 i - 4 potions of flight
 l - 2 potions of curing {@q1}
 r - a potion of ambrosia
 F - a potion of berserk rage
 J - a potion of degeneration {unknown}
Comestibles
 e - 10 rations {!d}
 I - 2 chunks of flesh


   Skills:
 + Level 7.7 Fighting
 + Level 10.6 Polearms
 - Level 2.0 Throwing
 + Level 9.7 Dodging


You had 8 spell levels left.
You didn't know any spells.
Your spell library was empty.

Dungeon Overview and Level Annotations

Branches:
Dungeon (7/15)
 Temple: D:4-7

Altars:
Elyvilon
Gozag


Message History

Aim: an orc wizard, wielding a +0 dagger and wearing a +0 robe You reach to attack!
You puncture the orc wizard!
The orc warrior throws a tomahawk of returning.
The tomahawk of returning closely misses you.
The orc wizard points at you and mumbles some strange words.
The magic dart hits you.
* * * LOW HITPOINT WARNING * * *
Attack whom?
Aim: an orc wizard, wielding a +0 dagger and wearing a +0 robe (heavily wounded)
You reach to attack!
You hit the orc wizard.
The orc warrior throws a tomahawk of returning.
The tomahawk of returning hits you but does no damage.
The weapon returns to the orc warrior!
Attack whom?
Aim: an orc wizard, wielding a +0 dagger and wearing a +0 robe (almost dead)
You reach to attack!
You hit the orc wizard.
You kill the orc wizard!
The orc warrior throws a tomahawk of returning.
The tomahawk of returning completely misses you.
The weapon returns to the orc warrior!
Attack whom?
Aim: a quokka skeleton You reach to attack!
You puncture the quokka skeleton!
You destroy the quokka skeleton!
The orc warrior throws a tomahawk of returning.
The tomahawk of returning hits you!
* * * LOW HITPOINT WARNING * * *
The weapon returns to the orc warrior!
The orc warrior hits you with a +0 hand axe!
* * * LOW HITPOINT WARNING * * *
Things that are here:
a +0 hand axe; an orc corpse You feel much better.
Unknown command.
You puncture the orc warrior! The orc warrior closely misses you.
You hit the orc warrior but do no damage.
The orc warrior hits you with a +0 hand axe.
* * * LOW HITPOINT WARNING * * *
You hit the orc warrior but do no damage.
The orc warrior closely misses you.
You hit the orc warrior. You closely miss the orc warrior.
The orc warrior barely misses you.
You hit the orc warrior.
The orc warrior hits you with a +0 hand axe!
* * * LOW HITPOINT WARNING * * *
You closely miss the orc warrior. You closely miss the orc warrior.
The orc warrior closely misses you.
You closely miss the orc warrior.
The orc warrior hits you with a +0 hand axe!
You die...

#...................##..##
#....o.............###..##
#...o............####....#
#.>.... #......## ###... +.....#
#.......# ##..... #.....#
##.....####...##. #....##
###.#...#.#..####.
#.....###.#...........###.
####.###o@.....#......##..
#....#.)###..##.......##.
........#....[..###...##.......#.
......##.......#.#.###.........#
#........##........# ##........#
##.>......##........# #..........
#.........#...#.....# ##<........
#...................###..).......
.............##......##(.........


You could see an orc warrior.

Vanquished Creatures
  A wyvern (D:7)
  Menkaure (D:7)
  A water moccasin (D:6)
  An ice beast (D:3)
  An orc warrior (D:7)
  A sky beast (D:7)
  A necrophage (D:7)
  A black bear (D:7)
  A centaur (D:5)
  2 ogres
  A gnoll sergeant (D:7)
  A bullfrog (D:7)
  A howler monkey (D:6)
  A crimson imp (D:6)
  A jelly (D:7)
  A bullfrog skeleton (D:6)
  5 orc priests
  3 orc wizards
  A centaur skeleton (D:7)
  2 iguanas (D:4)
  4 worker ants
  2 hound skeletons (D:6)
  5 gnolls
  4 adders
  A shadow imp (D:6)
  An ooze (D:2)
  3 worms
  4 dart slugs
  A leopard gecko (D:4)
  9 orcs
  11 bats
  12 giant cockroaches
  9 goblins
  5 hobgoblins
  9 jackals
  2 quokkas
  3 ball pythons
  5 frilled lizards
  7 kobolds
  A leopard gecko skeleton (D:4)
  2 quokka skeletons
  A quokka zombie (D:7)
  7 rats
136 creatures vanquished.

Vanquished Creatures (others)
  An orc wizard (D:5)
1 creature vanquished.

Grand Total: 137 creatures vanquished

Notes
Turn   | Place    | Note
-------+----------+-------------------------------------------
     0 | D:1      | MalarOregon the Merfolk Gladiator began the quest for the
                  | Orb.
     0 | D:1      | Reached XP level 1. HP: 16/16 MP: 1/1
   104 | D:1      | Reached XP level 2. HP: 19/23 MP: 2/2
   403 | D:1      | Reached skill level 5 in Polearms
   403 | D:1      | Reached XP level 3. HP: 28/28 MP: 3/3
  1041 | D:2      | Reached XP level 4. HP: 35/35 MP: 4/4
  1099 | D:2      | Reached skill level 5 in Dodging
  2269 | D:3      | Noticed an ice beast
  2288 | D:3      | Killed an ice beast
  2288 | D:3      | Reached skill level 6 in Polearms
  2288 | D:3      | Reached XP level 5. HP: 37/42 MP: 5/5
  2599 | D:4      | Noticed an ogre
  2611 | D:4      | Killed an ogre
  2611 | D:4      | Reached XP level 6. HP: 15/49 MP: 6/6
  3204 | D:4      | Reached skill level 7 in Polearms
  3757 | D:5      | Entered Level 5 of the Dungeon
  3765 | D:5      | Found a white marble altar of Elyvilon.
  3830 | D:5      | Reached XP level 7. HP: 55/55 MP: 7/7
  3894 | D:5      | Found an opulent altar of Gozag.
  3937 | D:5      | Reached skill level 5 in Fighting
  3973 | D:5      | Reached skill level 8 in Polearms
  4713 | D:6      | Reached XP level 8. HP: 64/64 MP: 8/8
  5664 | D:7      | Noticed a wyvern
  5677 | D:7      | Killed a wyvern
  5677 | D:7      | Reached skill level 9 in Polearms
  6150 | D:7      | Noticed Menkaure
  6159 | D:7      | Killed Menkaure
  6159 | D:7      | Reached skill level 10 in Polearms
  6159 | D:7      | Reached XP level 9. HP: 72/72 MP: 9/9
  6835 | D:7      | Slain by an orc warrior

Skill      XL: |  1  2  3  4  5  6  7  8 |
---------------+-------------------------+-----
Polearms       | 5 6 7 8 10 | 10.6
Fighting       | 3 4 5 7 |  7.7
Dodging        | 5 6 7 9 |  9.7
Throwing       | |  2.0

Action                   |  1- 3 |  4- 6 |  7- 9 || total
-------------------------+-------+-------+-------++-------
Melee: Trident           |   106 |   192 |   309 ||   607
Throw: Throwing net      |       |       |     2 ||     2
  Use: Scroll            |       |    10 |     1 ||    11
       Potion            |       |     1 |     5 ||     6
 Stab: Sleeping          |     1 |     1 |       ||     2
       Held in net/web   |       |       |     1 ||     1
  Eat: Chunk             |     1 |     8 |     7 ||    16
       Ration            |       |       |     1 ||     1
Armor: Leather armour    |    23 |    20 |       ||    43
       Ring mail         |       |     3 |    63 ||    66
Dodge: Dodged            |    79 |    85 |   189 ||   353
